| TOP OF THE 1ST |
|
Bakersfield Bears batting - Pitching for Visalia Mets : RHP Willie Rivera
|
|
Pitching: RHP Willie Rivera
|
|
|
Batting: RHB Reggie Whittemore
|
0-0: Ball 1-0: Called Strike 1-1: Foul Ball, location: 2F 1-2: Foul Ball, location: 2F 1-2: Strikes out looking
|
|
Batting: RHB Jeffrey Ronk
|
0-0: Ball 1-0: Called Strike 1-1: Ball 2-1: Ball 3-1: Base on Balls
|
|
Batting: LHB Darren Daulton
|
0-0: Called Strike 0-1: Called Strike 0-2: Ball 1-2: Foul Ball, location: 2F 1-2: Ground out 5-3 (Groundball, 56S, EV 85.6 MPH) Jeffrey Ronk to second
|
|
Pitching: RHP Jay Howell
|
|
|
Batting: SHB Mark Gillaspie
|
0-0: Ground out 4-3 (Groundball, 4, EV 103.1 MPH)
|
| Top of the 1st over - 0 runs, 0 hits, 0 errors, 1 left on base; Bakersfield 0 - Visalia 0 |
| BOTTOM OF THE 1ST |
|
Visalia Mets batting - Pitching for Bakersfield Bears : LHP Richard Cope
|
|
Pitching: LHP Richard Cope
|
|
|
Batting: LHB Huey Gayden
|
0-0: Called Strike 0-1: Swinging Strike 0-2: Foul Ball, location: 2F 0-2: Strikes out looking
|
|
Batting: RHB Ed Sedar
|
0-0: Called Strike 0-1: Ball 1-1: Foul Ball, location: 2F 1-2: Ball 2-2: Strikes out swinging
|
|
Batting: SHB David Navarro
|
0-0: Called Strike 0-1: Foul Ball, location: 2F 0-2: Ball 1-2: Ball 2-2: Ball 3-2: Foul Ball, location: 2F 3-2: Strikes out swinging
|
| Bottom of the 1st over - 0 runs, 0 hits, 0 errors, 0 left on base; Bakersfield 0 - Visalia 0 |
| TOP OF THE 2ND |
|
Bakersfield Bears batting - Pitching for Visalia Mets : RHP Jay Howell
|
|
Batting: RHB Ty Waller
|
0-0: Ground out 1-3 (Groundball, 13, EV 76.3 MPH)
|
|
Batting: LHB Matthew Henderson
|
0-0: Fly out, F8 (Flyball, 8LD, EV 100.6 MPH)
|
|
Batting: RHB George Foussianes
|
0-0: Ball 1-0: Swinging Strike 1-1: Swinging Strike 1-2: Strikes out swinging
|
| Top of the 2nd over - 0 runs, 0 hits, 0 errors, 0 left on base; Bakersfield 0 - Visalia 0 |
| BOTTOM OF THE 2ND |
|
Visalia Mets batting - Pitching for Bakersfield Bears : LHP Richard Cope
|
|
Batting: RHB Michael Dunn
|
0-0: Called Strike 0-1: Swinging Strike 0-2: Fly out, F9 (Line Drive, 9, EV 91.9 MPH)
|
|
Batting: LHB Ricky Eberly
|
0-0: Foul Ball, location: 2F 0-1: Ball 1-1: Called Strike 1-2: DOUBLE (Flyball, 78XD, EV 110.6 MPH)
|
|
Batting: RHB Mitchell Ashmore
|
0-0: Ball 1-0: Ball 2-0: Swinging Strike 2-1: Called Strike 2-2: Foul Ball, location: 2F 2-2: Ground out 5-3 (Groundball, 56, EV 97.5 MPH)
|
|
Batting: RHB Lloyd Bessard
|
0-0: Ball 1-0: Called Strike 1-1: Foul Ball, location: 2F 1-2: Ground out 5-3 (Groundball, 56S, EV 86.9 MPH)
|
| Bottom of the 2nd over - 0 runs, 1 hit, 0 errors, 1 left on base; Bakersfield 0 - Visalia 0 |
| TOP OF THE 3RD |
|
Bakersfield Bears batting - Pitching for Visalia Mets : RHP Jay Howell
|
|
Batting: RHB Steven Patterson
|
0-0: Ball 1-0: Foul Ball, location: 2F 1-1: Foul Ball, location: 2F 1-2: Ball 2-2: Foul Ball, location: 2F 2-2: Ball 3-2: Fly out, F6 (Line Drive, 6, EV 73.1 MPH)
|
|
Batting: RHB Kevin Harvey
|
0-0: Ball 1-0: Called Strike 1-1: Ground out 4-3 (Groundball, 4, EV 85.0 MPH)
|
|
Batting: RHB Reggie Whittemore
|
0-0: Ball 1-0: Ball 2-0: Foul Ball, location: 2F 2-1: Fly out, F3 (Popup, 23F, EV 90.0 MPH)
|
| Top of the 3rd over - 0 runs, 0 hits, 0 errors, 0 left on base; Bakersfield 0 - Visalia 0 |
| BOTTOM OF THE 3RD |
|
Visalia Mets batting - Pitching for Bakersfield Bears : LHP Richard Cope
|
|
Batting: SHB Daniel Robie
|
0-0: Called Strike 0-1: Ball 1-1: Ball 2-1: Swinging Strike 2-2: Strikes out looking
|
|
Batting: SHB Rene Quinones
|
0-0: Called Strike 0-1: Swinging Strike 0-2: Ball 1-2: Foul Ball, location: 2F 1-2: Ball 2-2: Ball 3-2: Base on Balls
|
|
Batting: LHB Huey Gayden
|
0-0: Ball 1-0: Fly out, F7 (Flyball, 7LD, EV 98.1 MPH)
|
|
Batting: RHB Ed Sedar
|
0-0: Ball 1-0: Swinging Strike 1-1: Called Strike 1-2: Fly out, F5 (Popup, 5F, EV 73.8 MPH)
|
| Bottom of the 3rd over - 0 runs, 0 hits, 0 errors, 1 left on base; Bakersfield 0 - Visalia 0 |
| TOP OF THE 4TH |
|
Bakersfield Bears batting - Pitching for Visalia Mets : RHP Jay Howell
|
|
Batting: RHB Jeffrey Ronk
|
0-0: Fly out, F7 (Flyball, 78D, EV 94.4 MPH)
|
|
Batting: LHB Darren Daulton
|
0-0: Swinging Strike 0-1: Ball 1-1: Ball 2-1: Swinging Strike 2-2: Foul Ball, location: 2F 2-2: Strikes out swinging
|
|
Batting: SHB Mark Gillaspie
|
0-0: Ball 1-0: Swinging Strike 1-1: Called Strike 1-2: Strikes out swinging
|
| Top of the 4th over - 0 runs, 0 hits, 0 errors, 0 left on base; Bakersfield 0 - Visalia 0 |
| BOTTOM OF THE 4TH |
|
Visalia Mets batting - Pitching for Bakersfield Bears : LHP Richard Cope
|
|
Batting: SHB David Navarro
|
0-0: Ball 1-0: Foul Ball, location: 2F 1-1: Foul Ball, location: 2F 1-2: Ball 2-2: Ball 3-2: Ground out 5-3 (Groundball, 25, EV 63.1 MPH)
|
|
Batting: RHB Michael Dunn
|
0-0: Fly out, F8 (Flyball, 8LS, EV 96.9 MPH)
|
|
Batting: LHB Ricky Eberly
|
0-0: SINGLE (Groundball, 34D, EV 96.3 MPH)
|
|
Batting: RHB Mitchell Ashmore
|
0-0: Ground out 4-3 (Groundball, 34, EV 80.0 MPH)
|
| Bottom of the 4th over - 0 runs, 1 hit, 0 errors, 1 left on base; Bakersfield 0 - Visalia 0 |
| TOP OF THE 5TH |
|
Bakersfield Bears batting - Pitching for Visalia Mets : RHP Jay Howell
|
|
Batting: RHB Ty Waller
|
0-0: Fly out, F9 (Line Drive, 9D, EV 86.9 MPH)
|
|
Batting: LHB Matthew Henderson
|
0-0: Called Strike 0-1: Ball 1-1: Called Strike 1-2: Ball 2-2: Strikes out looking
|
|
Batting: RHB George Foussianes
|
0-0: Ball 1-0: Swinging Strike 1-1: Ball 2-1: Foul Ball, location: 2F 2-2: Ball 3-2: Base on Balls
|
|
Batting: RHB Steven Patterson
|
0-0: Ball 1-0: Swinging Strike 1-1: Ball 2-1: Ball 3-1: Foul Ball, location: 2F 3-2: SINGLE (Line Drive, 3D, EV 95.6 MPH) George Foussianes to second George Foussianes to third
|
|
Batting: RHB Kevin Harvey
|
0-0: Called Strike 0-1: Ball 1-1: Called Strike 1-2: Ball 2-2: Ball 3-2: Foul Ball, location: 2F 3-2: Foul Ball, location: 2F 3-2: Foul Ball, location: 2F 3-2: Ground out 1-3 (Groundball, P, EV 74.4 MPH)
|
| Top of the 5th over - 0 runs, 1 hit, 0 errors, 2 left on base; Bakersfield 0 - Visalia 0 |
| BOTTOM OF THE 5TH |
|
Visalia Mets batting - Pitching for Bakersfield Bears : LHP Richard Cope
|
|
Batting: RHB Lloyd Bessard
|
0-0: Ball 1-0: Called Strike 1-1: Fly out, F9 (Flyball, 9D, EV 104.4 MPH)
|
|
Batting: SHB Daniel Robie
|
0-0: Called Strike 0-1: Ground out 2-3 (Groundball, 13S, EV 73.1 MPH)
|
|
Batting: SHB Rene Quinones
|
0-0: Called Strike 0-1: Foul Ball, location: 2F 0-2: Ball 1-2: SINGLE (Flyball, 4D, EV 90.0 MPH)
|
|
Batting: LHB Huey Gayden
|
0-0: Swinging Strike 0-1: Ball 1-1: Ball 2-1: Fly out, F9 (Line Drive, 9, EV 91.9 MPH)
|
| Bottom of the 5th over - 0 runs, 1 hit, 0 errors, 1 left on base; Bakersfield 0 - Visalia 0 |
| TOP OF THE 6TH |
|
Bakersfield Bears batting - Pitching for Visalia Mets : RHP Jay Howell
|
|
Batting: RHB Reggie Whittemore
|
0-0: Fly out, F3 (Flyball, 3D, EV 79.4 MPH)
|
|
Batting: RHB Jeffrey Ronk
|
0-0: Ball 1-0: Swinging Strike 1-1: Ball 2-1: Ball 3-1: Called Strike 3-2: Base on Balls
|
|
Batting: LHB Darren Daulton
|
0-0: Foul Ball, location: 2F 0-1: Called Strike 0-2: SINGLE (Flyball, 78S, EV 91.9 MPH) Jeffrey Ronk to second
|
|
Pitching: LHP Edwin Rojas
|
|
|
Batting: SHB Mark Gillaspie
|
0-0: Ball 1-0: Called Strike 1-1: Swinging Strike 1-2: Fly out, F7 (Flyball, 7LM, EV 87.5 MPH)
|
|
Batting: RHB Ty Waller
|
0-0: Foul Ball, location: 2F 0-1: Ball 1-1: Fly out, F6 (Flyball, 6D, EV 90.0 MPH)
|
| Top of the 6th over - 0 runs, 1 hit, 0 errors, 2 left on base; Bakersfield 0 - Visalia 0 |
| BOTTOM OF THE 6TH |
|
Visalia Mets batting - Pitching for Bakersfield Bears : LHP Richard Cope
|
|
Batting: RHB Ed Sedar
|
0-0: Ball 1-0: Called Strike 1-1: Foul Ball, location: 2F 1-2: Foul Ball, location: 2F 1-2: Fly out, F8 (Flyball, 8RM, EV 98.8 MPH)
|
|
Batting: SHB David Navarro
|
0-0: Called Strike 0-1: Ball 1-1: Fly out, F4 (Flyball, 34D, EV 73.1 MPH)
|
|
Batting: RHB Michael Dunn
|
0-0: Ball 1-0: Called Strike 1-1: Called Strike 1-2: Foul Ball, location: 2F 1-2: Ball 2-2: Ball 3-2: Ground out 6-3 (Groundball, 6, EV 85.6 MPH)
|
| Bottom of the 6th over - 0 runs, 0 hits, 0 errors, 0 left on base; Bakersfield 0 - Visalia 0 |
| TOP OF THE 7TH |
|
Bakersfield Bears batting - Pitching for Visalia Mets : LHP Edwin Rojas
|
|
Batting: LHB Matthew Henderson
|
0-0: Swinging Strike 0-1: Swinging Strike 0-2: Ball 1-2: Foul Ball, location: 2F 1-2: Strikes out swinging, 2-3 out at first.
|
|
Batting: RHB George Foussianes
|
0-0: Swinging Strike 0-1: Ball 1-1: Foul Ball, location: 2F 1-2: Foul Ball, location: 2F 1-2: Strikes out swinging
|
|
Batting: RHB Steven Patterson
|
0-0: Swinging Strike 0-1: Foul Ball, location: 2F 0-2: Strikes out swinging
|
| Top of the 7th over - 0 runs, 0 hits, 0 errors, 0 left on base; Bakersfield 0 - Visalia 0 |
| BOTTOM OF THE 7TH |
|
Visalia Mets batting - Pitching for Bakersfield Bears : LHP Richard Cope
|
|
Batting: LHB Ricky Eberly
|
0-0: Fly out, F9 (Flyball, 9S, EV 86.9 MPH)
|
|
Batting: RHB Mitchell Ashmore
|
0-0: Swinging Strike 0-1: Foul Ball, location: 2F 0-2: Fly out, F8 (Flyball, 8LD, EV 86.3 MPH)
|
|
Batting: RHB Lloyd Bessard
|
0-0: Called Strike 0-1: Ball 1-1: Foul Ball, location: 2F 1-2: Ground out 6-3 (Groundball, 6, EV 106.3 MPH)
|
| Bottom of the 7th over - 0 runs, 0 hits, 0 errors, 0 left on base; Bakersfield 0 - Visalia 0 |
| TOP OF THE 8TH |
|
Bakersfield Bears batting - Pitching for Visalia Mets : LHP Edwin Rojas
|
|
Batting: RHB Kevin Harvey
|
0-0: Ball 1-0: Called Strike 1-1: Foul Ball, location: 2F 1-2: Ball 2-2: Ball 3-2: Foul Ball, location: 2F 3-2: Ground out 4-3 (Groundball, 34, EV 83.1 MPH)
|
|
Batting: RHB Reggie Whittemore
|
0-0: Ball 1-0: Fly out, F9 (Line Drive, 9, EV 88.1 MPH)
|
|
Batting: RHB Jeffrey Ronk
|
0-0: Ball 1-0: Foul Ball, location: 2F 1-1: Foul Ball, location: 2F 1-2: Ball 2-2: Fly out, F9 (Flyball, 9, EV 79.4 MPH)
|
| Top of the 8th over - 0 runs, 0 hits, 0 errors, 0 left on base; Bakersfield 0 - Visalia 0 |
| BOTTOM OF THE 8TH |
|
Visalia Mets batting - Pitching for Bakersfield Bears : LHP Richard Cope
|
|
Batting: SHB Daniel Robie
|
0-0: Reached on error, E5 (Groundball, 56, EV 81.9 MPH)
|
|
Batting: SHB Rene Quinones
|
0-0: Ball 1-0: Fly out, F8 (Line Drive, 8LD, EV 91.9 MPH)
|
|
Batting: LHB Huey Gayden
|
0-0: Ball 1-0: SINGLE (Groundball, 34S, EV 72.5 MPH) (infield hit) Daniel Robie to second
|
|
Batting: RHB Ed Sedar
|
0-0: Ball 1-0: Called Strike 1-1: Ball 2-1: Fly out, F6 (Popup, 4M, EV 57.5 MPH)
|
|
Batting: SHB David Navarro
|
0-0: Ball 1-0: Swinging Strike Passed Ball! Daniel Robie to third Huey Gayden to second 1-1: Ball 2-1: Foul Ball, location: 2F 2-2: Ground out 5-3 (Groundball, 56, EV 107.5 MPH)
|
| Bottom of the 8th over - 0 runs, 1 hit, 1 error, 2 left on base; Bakersfield 0 - Visalia 0 |
| TOP OF THE 9TH |
|
Bakersfield Bears batting - Pitching for Visalia Mets : LHP Edwin Rojas
|
|
Pitching: RHP Dennis Long
|
|
|
Batting: LHB Darren Daulton
|
0-0: Foul Ball, location: 2F 0-1: Ball 1-1: Ball 2-1: Ball 3-1: Called Strike 3-2: SINGLE (Groundball, 34D, EV 94.4 MPH)
|
|
Batting: SHB Mark Gillaspie
|
0-0: Fly out, F7 (Flyball, 7, EV 78.1 MPH)
|
|
Pinch Hitting: LHB Dave Yobs
|
0-0: Fly out, F8 (Flyball, 8LS, EV 92.5 MPH)
|
|
Batting: LHB Matthew Henderson
|
0-0: Ball 1-0: Ball 2-0: Foul Ball, location: 2F 2-1: 2-RUN HOME RUN (Flyball, 9D, EV 93.1 MPH), Distance : 378 ft
|
|
Batting: RHB George Foussianes
|
0-0: Ball 1-0: Called Strike 1-1: Ball 2-1: Ball 3-1: Called Strike 3-2: Ground out U3 (Groundball, 3, EV 105.0 MPH)
|
| Top of the 9th over - 2 runs, 2 hits, 0 errors, 0 left on base; Bakersfield 2 - Visalia 0 |
| BOTTOM OF THE 9TH |
|
Visalia Mets batting - Pitching for Bakersfield Bears : LHP Richard Cope
|
|
Now at 3B: James Oros
|
|
|
Now in LF: Elwood Holland
|
|
|
Batting: RHB Michael Dunn
|
0-0: Called Strike 0-1: Ball 1-1: Ball 2-1: Ball 3-1: Base on Balls
|
|
Pitching: RHP Gary Ezell
|
|
|
Batting: LHB Ricky Eberly
|
0-0: Ball 1-0: Fly out, F8 (Flyball, 78XD, EV 99.4 MPH)
|
|
Batting: RHB Mitchell Ashmore
|
0-0: Ball 1-0: Ball 2-0: Ball 3-0: Called Strike 3-1: Base on Balls Michael Dunn to second
|
|
Pinch Hitting: SHB Keith Jones
|
0-0: Ball 1-0: Called Strike 1-1: Foul Ball, location: 2F 1-2: Ball 2-2: Foul Ball, location: 2F 2-2: Foul Ball, location: 2F 2-2: Ball 3-2: Base on Balls Michael Dunn to third Mitchell Ashmore to second
|
|
Pinch Hitting: SHB Marcos Gomez
|
0-0: Fielders Choice at 2nd, 3-6 (Groundball, 34, EV 108.8 MPH) Michael Dunn scores Mitchell Ashmore to third
|
|
Batting: SHB Rene Quinones
|
0-0: TRIPLE (Line Drive, 9LD, EV 104.4 MPH) Mitchell Ashmore scores Marcos Gomez scores
|
| Bottom of the 9th over - 3 runs, 1 hit, 0 errors, 0 left on base; Bakersfield 2 - Visalia 3 |
|